 Dungeon Crawl Stone Soup version 0.21-a0-142-gdd972a7 (webtiles) character file.

231 rin1221 the Magician (level 5, 0/29 HPs)
             Began as a Deep Elf Wizard on July 21, 2017.
             Was a Follower of Vehumet.
             Slain by an ogre
             ... wielding a cursed -2 giant club
              (9 damage)
             ... on level 4 of the Dungeon.
             The game lasted 00:12:39 (3355 turns).

rin1221 the Magician (Deep Elf Wizard)              Turns: 3355, Time: 00:12:40

Health: 0/29       AC:  3    Str:  5    XL:     5   Next: 72%
Magic:  2/14       EV: 13    Int: 23    God:    Vehumet [*.....]
Gold:   159        SH:  0    Dex: 13    Spells: 3/14 levels left

rFire    . . .     SeeInvis .   s - +0 short sword (elec)
rCold    . . .     Gourm    .   (no shield)
rNeg     . . .     Faith    .   a - +0 robe
rPois    .         Spirit   .   p - +1 hat
rElec    .         Reflect  .   (no cloak)
rCorr    .         Harm     .   (no gloves)
MR       .....                  (no boots)
Stlth    ++........             (no amulet)
HPRegen  0.09/turn              h - ring of flight
MPRegen  0.14/turn              (no ring)

@: no status effects
A: no striking features
a: Renounce Religion, Evoke Flight


You were on level 4 of the Dungeon.
You worshipped Vehumet.
Vehumet was aware of your devotion.
You were not hungry.

You visited 1 branch of the dungeon, and saw 4 of its levels.

You collected 159 gold pieces.

Inventory:

Hand Weapons
 g - a +0 short sword
 s - a +0 short sword of electrocution (weapon)
Missiles
 f - 49 stones (quivered)
Armour
 a - a +0 robe (worn)
 n - a +0 large shield
 p - a +1 hat (worn)
Jewellery
 h - a ring of flight (left hand)
Wands
 q - a wand of flame (24/48)
Scrolls
 e - 4 scrolls of immolation
 j - a scroll of enchant weapon {unknown}
 k - a scroll of blinking
 r - a scroll of recharging
 t - a scroll of teleportation {unknown}
Potions
 b - 2 potions of brilliance {unknown}
 i - 2 potions of haste {unknown}
 l - 2 potions of curing {unknown}
 m - 2 potions of mutation {unknown}
 o - a potion of flight {unknown}
Books
 c - a book of Minor Magic

   Spells                             Type                      Level
   a - Magic Dart                     Conjuration                  1
   b - Blink                          Translocation                2
   c - Call Imp                       Summoning                    2
   d - Slow                           Hexes                        2
   e - Conjure Flame                  Conjuration/Fire             3
   f - Mephitic Cloud                 Conjuration/Poison/Air       3
Comestibles
 d - 2 bread rations


   Skills:
 + Level 1.6 Fighting
 + Level 3.2 Dodging
 - Level 2.4 Stealth
 + Level 5.0 Spellcasting
 * Level 3.0 Conjurations
 + Level 1.0 Hexes
 + Level 2.8 Summonings
 + Level 1.8 Translocations
 + Level 1.0 Air Magic
 + Level 1.0 Evocations


You had 3 spell levels left.
You knew the following spells:

 Your Spells              Type           Power        Failure   Level  Hunger
a - Magic Dart            Conj           ###.         2%          1    None
b - Blink                 Tloc           N/A          7%          2    None
c - Call Imp              Summ           ###.....     4%          2    None
d - Slow                  Hex            ##......     10%         2    None
e - Mephitic Cloud        Conj/Pois/Air  ##......     16%         3    ##.....
f - Sting                 Conj/Pois      ##..         4%          1    None


Dungeon Overview and Level Annotations

Branches:
Dungeon (4/15)             Temple (0/1) D:4

Altars:
Cheibriados
Elyvilon
Makhleb
Vehumet
Wu Jian
Yredelemnul


Message History

You swap places.
Your crimson imp hits the ogre.
The ogre hits your crimson imp with a giant club!
Your crimson imp dies!
Your shadow imp hits the ogre.
Your crimson imp blinks! x2
Your shadow imp hits the ogre.
The ogre closely misses your shadow imp.
Your shadow imp hits the ogre.
Your shadow imp hits the ogre.
Your shadow imp hits the ogre.
Your crimson imp blinks!
Casting: Call Imp
Confirm with . or Enter, or press ? or * to list all spells.
You don't have enough magic to cast that spell.
Your crimson imp blinks!
The ogre hits you with a giant club!
Your shadow imp barely misses the ogre.
You hit the ogre.
The ogre is almost dead.
The ogre hits you with a giant club!
You die...

#.#.# #..........# #.#.#
#..........# #. ##.........#
# #. ####.........# #.#.
#....>........ ###.#.#
#.##.......... .......
#.##..........
......5########.##..........
.....<5..5O@..#.##..........
.......§#####.#.###..#######
........# #.....#..#######
....§...# ###.#.#.........
......... ...#.#.........
.......## #####.#.........
....... .#......### .##....
##..(...# ..... .........###


You could see an ogre, 2 friendly crimson imps and a friendly shadow imp.

Vanquished Creatures
  An orc priest (D:4)
  A bullfrog skeleton (D:4)
  An orc wizard (D:4)
  A worm (D:3)
  2 dart slugs
  2 leopard geckos (D:3)
  A giant cockroach (D:1)
  5 hobgoblins
  A quokka (D:2)
  A ball python (D:2)
  8 bats
  3 frilled lizards
  6 goblins
  7 kobolds
  7 rats
47 creatures vanquished.

Vanquished Creatures (collateral kills)
  A scorpion (D:3)
  A crimson imp (D:2)
  A hound (D:4)
  An orc wizard (D:4)
  2 adders
  4 orcs
  A bat (D:3)
  2 gnoll zombies (D:2)
  4 hobgoblins
  10 jackals
  3 kobolds (D:2)
  A quokka (D:3)
  A frilled lizard (D:3)
  6 goblins
  3 rats
41 creatures vanquished.

Grand Total: 88 creatures vanquished

Notes
Turn   | Place    | Note
-------+----------+-------------------------------------------
     0 | D:1      | rin1221 the Deep Elf Wizard began the quest for the Orb.
     0 | D:1      | Reached XP level 1. HP: 10/10 MP: 7/7
   412 | D:1      | Reached XP level 2. HP: 16/16 MP: 7/9
   416 | D:1      | Learned a level 2 spell: Blink
   419 | D:1      | Learned a level 2 spell: Call Imp
   422 | D:1      | Learned a level 2 spell: Slow
   626 | D:1      | Reached skill level 1 in Fighting
  1107 | D:2      | Reached XP level 3. HP: 20/20 MP: 8/11
  1112 | D:2      | Learned a level 3 spell: Mephitic Cloud
  1144 | D:2      | Found a burning altar of Makhleb.
  1345 | D:2      | Found a radiant altar of Vehumet.
  1357 | D:2      | Became a worshipper of Vehumet
  1547 | D:2      | Found a basalt altar of Yredelemnul.
  1627 | D:2      | Found a white marble altar of Elyvilon.
  1784 | D:3      | Reached XP level 4. HP: 25/25 MP: 5/12
  2175 | D:3      | Found an ornate altar of the Wu Jian Council.
  2276 | D:3      | Found a snail-covered altar of Cheibriados.
  2320 | D:3      | Reached * piety under Vehumet
  2320 | D:3      | Offered knowledge of Sting by Vehumet.
  2354 | D:3      | Learned a level 1 spell: Sting
  2634 | D:4      | Reached XP level 5. HP: 8/29 MP: 5/14
  3132 | D:4      | Reached skill level 1 in Hexes
  3284 | D:4      | Found a staircase to the Ecumenical Temple.
  3336 | D:4      | Noticed an ogre
  3344 | D:4      | Reached skill level 5 in Spellcasting
  3344 | D:4      | Reached skill level 1 in Air Magic
  3344 | D:4      | Reached skill level 1 in Evocations
  3355 | D:4      | Slain by an ogre

Vault maps used:
D:1:      lightli_arrival_quake
D:2:      lemuel_upstairs_altar, elyvilon_altar_5, makhleb_grotto_becter,
          lemuel_zombie_altar_yredelemnul, overflow_temple_1_default,
          minmay_fountain_box
D:3:      kennysheep_the_goblin_king, cheibriados_altar_1, marbit_many_paths
D:4:      temple_hall, first_bread, lemuel_flame_loot_1

Skill      XL: |  1  2  3  4  5 |
---------------+----------------+-----
Fighting       | 1 |  1.6
Conjurations   | 2 3 |  3.0
Summonings     | 2 |  2.8
Dodging        | 3 |  3.2
Hexes          | 1 |  1.0
Spellcasting   | 5 |  5.0
Air Magic      | 1 |  1.0
Evocations     | 1 |  1.0
Stealth        | |  2.4
Translocations | |  1.8

Action                   |  1- 3 |  4- 6 || total
-------------------------+-------+-------++-------
Melee: Short sword       |     4 |    23 ||    27
 Cast: Magic Dart        |    62 |    41 ||   103
       Call Imp          |    16 |    29 ||    45
  Use: Scroll            |     3 |     2 ||     5
  Eat: Chunk             |     2 |     3 ||     5
       Bread ration      |       |     1 ||     1
Armor: Robe              |     7 |     6 ||    13
Dodge: Dodged            |    16 |    17 ||    33
